 Dungeon Crawl Stone Soup version 0.31-a0-1068-g5939ac1fb6 (webtiles) character file.

Game seed: 961445364761956923

8 Chiseanne the Conjurer (level 2, 21/22 HPs)
             Began as a Demonspawn Wanderer on Nov 24, 2023.
             Quit the game on level 1 of the Dungeon.
             The game lasted 00:01:00 (356 turns).

Chiseanne the Conjurer (Demonspawn Wanderer)         Turns: 356, Time: 00:01:00

Health: 21/22      AC:  5    Str: 16    XL:     2   Next: 0%
Magic:  3/3        EV: 10    Int: 12    God:
Gold:   22         SH:  0    Dex:  9    Spells: 3/3 levels left

rFire   . . .        a - +0 mace
rCold   . . .        (no shield)
rNeg    . . .        c - +0 ring mail
rPois   .            (no helmet)
rElec   .            (no cloak)
rCorr   .            (no gloves)
SInv    .            (no boots)
Will    .....        (no amulet) Stlth
                     (no ring)
HPRegen 0.23/turn    (no ring)
MPRegen 0.08/turn

%: no passive effects
@: no status effects
A: demonic touch 1
a: no special abilities


You were on level 1 of the Dungeon.
You visited 1 branch of the dungeon, and saw 1 of its levels.

You collected 22 gold pieces.

Inventory:

Hand Weapons
 a - a +0 mace (weapon)
Armour
 c - a +0 ring mail (worn)
Potions
 b - a potion of invisibility


   Skills:
 * Level 2.2 Fighting
 * Level 2.0 Armour
 * Level 0.7 Dodging
 - Level 1.0 Spellcasting
 - Level 4.0 Conjurations
 - Level 1.0 Ice Magic


You had 3 spell levels left.
You didn't know any spells.
Your spell library contained the following spells:

 Spells                   Type           Power      Damage    Failure   Level
 Foxfire                  Conj/Fire      20%        2x1d5     24%         1
 Freeze                   Ice            12%        1d3       36%         1
 Momentum Strike          Conj/Tloc      10%        3d8       36%         2
 Hailstorm                Conj/Ice       6%         3d4       52%         3


Dungeon Overview and Level Annotations

Branches:
Dungeon (1/15)

Altars:


Innate Abilities, Weirdness & Mutations

Your touch may inflict minor irresistible damage on your foes.


Message History

No target in view!
No target in view!
No target in view!
No target in view!
No target in view!
No target in view!
You open the door.
There is an open door here.
Found a ring mail.
As you read the scroll labelled GOEXOGR MOUNN, it crumbles to dust.
It is a scroll of identify.
You don't currently have any unidentified items.
A giant cockroach comes into view.
The giant cockroach closely misses you.
You barely miss the giant cockroach.
The giant cockroach bites you but does no damage. x2
You completely miss the giant cockroach.
The giant cockroach bites you but does no damage.
You hit the giant cockroach.
The giant cockroach is almost dead.
The giant cockroach closely misses you.
The giant cockroach bites you but does no damage.
You barely miss the giant cockroach.
The giant cockroach is almost dead.
The giant cockroach bites you but does no damage.
The giant cockroach barely misses you.
You barely miss the giant cockroach.
The giant cockroach is almost dead.
The giant cockroach bites you but does no damage.
The giant cockroach bites you.
You barely miss the giant cockroach.
The giant cockroach is almost dead.
The giant cockroach bites you but does no damage.
A giant cockroach is nearby!
You hit the giant cockroach.
You kill the giant cockroach!
You have reached level 2!
Your demonic ancestry asserts itself...
Your hands begin to faintly glow with unholy energy.
Are you sure you want to abandon this character and quit the game? (Confirm with "yes".)

###....##########......
###[...############......
#.........................
#.######.#############.###
# #.# #.# #.# #.# #.# #.#
#.####.####.# #.#
#......@†...# ...
############# ###


There were no monsters in sight!

Vanquished Creatures
  A bat (D:1)
  An endoplasm (D:1)
  2 giant cockroaches (D:1)
  A hobgoblin (D:1)
  A ball python (D:1)
  A rat (D:1)
7 creatures vanquished.

Notes
Turn   | Place    | Note
-------+----------+-------------------------------------------
     0 | D:1      | Chiseanne the Demonspawn Wanderer began the quest for the
                  | Orb.
     0 | D:1      | Chiseanne set off with the following items: a +0 club, a
                  | potion of invisibility, a +0 ring mail; and the following
                  | spells available to memorise: Foxfire, Freeze, Momentum
                  | Strike, Hailstorm.
     0 | D:1      | Reached XP level 1. HP: 16/16 MP: 2/2
   138 | D:1      | Chiseanne: why do the starter clubs never have stats ? you
                  | suck
   356 | D:1      | Gained mutation: Your touch may inflict minor irresistible
                  | damage on your foes. [demonic ancestry]
   356 | D:1      | Reached XP level 2. HP: 21/22 MP: 3/3
   356 | D:1      | Quit the game

Illustrated notes

Levels and vault maps discovered:
D:1:      scummos_arrival_hexagon, layout_basic, st_stairs_2, roderic_lattice_a,
          palyth_stone_intersect

Skill      XL: |  1 |
---------------+----+-----
Armour         | 2 |  2.0
Fighting       | |  2.2
Dodging        | |  0.7
Spellcasting   | |  1.0
Conjurations   | |  4.0
Ice Magic      | |  1.0

Action                     || total
---------------------------++-------
  Melee: Mace              ||    15
         Club              ||     6
    Use: Scroll            ||     1
 Armour: Ring mail         ||    17
  Dodge: Dodged            ||    10

Table legend: (Time is in decaauts)
 A = Elapsed time spent in this place.
 B = Non-inter-level travel time spent in this place.
 C = Inter-level travel time spent in this place.
 D = Time resting spent in this place.
 E = Time spent auto-exploring this place.
 F = Levels seen in this place.
 G = Mean time per level.
                   A        B        C        D        E       F      G
               +--------+--------+--------+--------+--------+-----+--------+
         Total |    363 |    363 |      0 |      0 |    285 |   1 |  363.0 |
       Dungeon |    363 |    363 |      0 |      0 |    285 |   1 |  363.0 |
               +--------+--------+--------+--------+--------+-----+--------+

Top non-repeatable levels by time:
     D:1: 363 daAuts
